 Dungeon Crawl Stone Soup version 0.27.1-34-g3ba077fa99 (webtiles) character file.

Game seed: 17851314354282437009

585 MisterFreud the Nimble (level 7, -6/34 HPs)
             Began as a Felid Berserker on Jan 2, 2022.
             Was a Priest of Trog.
             Mangled by a yak (11 damage)
             ... on level 7 of the Dungeon.
             The game lasted 00:06:51 (7390 turns).

MisterFreud the Nimble (Felid Berserker)            Turns: 7390, Time: 00:06:52

Health: -6/34      AC:  2    Str: 13    XL:     7   Next: 15%
Magic:  8/8        EV: 23    Int:  9    God:    Trog [***...]
Gold:   224        SH:  0    Dex: 17    Spells: 6/6 levels left
                                        Lives:  0   Deaths: 2

rFire    . . .     SeeInvis +     - Unarmed
rCold    . . .     Faith    .   (shield unavailable)
rNeg     . . .     Spirit   .   (armour unavailable)
rPois    .         Reflect  .   (helmet unavailable)
rElec    .         Harm     .   (cloak unavailable)
rCorr    .         Rampage  .   (gloves unavailable)
Will     +....                  (boots unavailable)
Stlth    ++++......             (no amulet)
HPRegen  0.11/turn              (no ring)
MPRegen  0.11/turn              (no ring)

@: quick
A: very small, claws 1, fangs 3, see invisible, speed 1, shaggy fur 2, stealthy
paws, no weapons or thrown items, no armour, multi-lived
a: Renounce Religion, Berserk, Trog's Hand


You were on level 7 of the Dungeon.
You worshipped Trog.
Trog was most pleased with you.
You visited 1 branch of the dungeon, and saw 7 of its levels.

You collected 433 gold pieces.
You spent 209 gold pieces at shops.

Inventory:

Scrolls
 a - 5 scrolls of teleportation {unknown}
 c - 7 scrolls of identify {unknown}
 f - 3 scrolls of fear {unknown}
 g - a scroll of blinking {unknown}
 h - a scroll of silence {unknown}
 j - 2 scrolls of immolation {unknown}
 o - 3 scrolls of noise {unknown}
 p - a scroll of acquirement {unknown}
 q - a scroll of amnesia {unknown}
Potions
 b - a potion of flight {unknown}
 d - 4 potions of lignification
 e - 2 potions of curing
 i - 2 potions of magic {unknown}
 k - 2 potions of might
 l - 3 potions of attraction {unknown}
 m - a potion of heal wounds
 n - a potion of invisibility


   Skills:
 - Level 6.0 Fighting
 - Level 10.0 Dodging
 + Level 7.3 Stealth
 + Level 6.7 Unarmed Combat


You had 6 spell levels left.
You didn't know any spells.
Your spell library was empty.

Dungeon Overview and Level Annotations

Branches:
Dungeon (7/15)
 Temple: D:4-7

Altars:
Elyvilon
Gozag
Qazlal
Vehumet

Shops:
D:4 !   D:5 (

Annotations:
D:7 1 transporter


Innate Abilities, Weirdness & Mutations

You have sharp claws.
You have razor-sharp teeth.
You have supernaturally acute eyesight. (SInv)
You cover ground quickly. (Speed+)
You are covered in thick fur. (AC +2)
Your paws help you pounce on unaware monsters.
You are incapable of wielding weapons or throwing items.
You cannot wear armour.
You gain extra lives every three experience levels.


Message History

The yak is lightly wounded.
The yak gores you!
An orc wizard comes into view. It is wielding a +0 club.
You scratch the yak. Your bite misses the yak.
The yak is moderately wounded.
The yak completely misses you.
You barely miss the yak.
The yak is moderately wounded.
The yak gores you!
You are too injured to fight recklessly!
You scratch the yak.
The yak is moderately wounded.
The yak completely misses you.
You are too injured to fight recklessly!
You scratch the yak but do no damage.
The yak is moderately wounded.
The yak gores you!
* * * LOW HITPOINT WARNING * * *
You scratch the yak. You bite the yak.
The yak is heavily wounded.
You are too injured to fight recklessly!
You barely miss the yak.
The yak is heavily wounded.
An orc comes into view. It is wielding a +0 club.
The yak gores you.
* * * LOW HITPOINT WARNING * * *
You are too injured to fight recklessly!
You completely miss the yak.
The orc shouts!
Your claw misses the yak. You bite the yak.
The yak is heavily wounded.
You hear a shout!
The yak misses you.
You hear a shout! x2
Unknown command.
Unknown command.
You scratch the yak but do no damage. You bite the yak.
The yak is heavily wounded.
The yak gores you!
You die...

#..###)#.#
#..###†#.!.
....#†# #.#
....... ##
........
#..Yo....
#.#Y#.###.
#.#Y#.# #.
#.#@#.####.#
#..........
##.##.####.
#.# .# #.# #
#.# #.# #.#
#..


You could see 3 yaks and an orc wizard.

Vanquished Creatures
  3 yaks (D:7)
  2 water moccasins
  A necrophage (D:4)
  3 ogres
  A phantom (D:4)
  A centaur (D:6)
  4 scorpions
  2 howler monkeys
  2 bullfrog zombies
  A jelly (D:5)
  2 hounds
  A centaur skeleton (D:6)
  An orc priest (D:4)
  A bullfrog skeleton (D:5)
  2 iguanas
  Terence (D:2)
  A hound skeleton (D:5)
  9 gnolls
  7 adders
  A howler monkey skeleton (D:4)
  A shadow imp (D:5)
  2 ufetubi
  A worm (D:2)
  2 dart slugs
  4 orcs
  7 bats
  7 endoplasms
  A giant cockroach (D:3)
  9 goblins
  4 hobgoblins
  8 jackals
  7 kobolds
  A quokka (D:1)
  7 ball pythons
  11 rats
118 creatures vanquished.

Notes
Turn   | Place    | Note
-------+----------+-------------------------------------------
     0 | D:1      | MisterFreud the Felid Berserker began the quest for the
                  | Orb.
     0 | D:1      | Reached XP level 1. HP: 10/10 MP: 2/2
    77 | D:1      | Reached skill level 1 in Stealth
   199 | D:1      | Reached XP level 2. HP: 7/14 MP: 3/3
   438 | D:1      | Found a faded altar of an unknown god.
   467 | D:1      | HP: 1/21 [kobold (4)]
  1084 | D:1      | Reached XP level 3. HP: 2/17 MP: 4/4
  1803 | D:2      | Reached ** piety under Trog
  1806 | D:2      | Reached XP level 4. HP: 21/21 MP: 5/5
  2073 | D:2      | Found a stormy altar of Qazlal.
  2110 | D:2      | Noticed Terence
  2129 | D:2      | Killed Terence
  2537 | D:2      | Reached XP level 5. HP: 11/24 MP: 6/6
  3540 | D:3      | Reached skill level 5 in Stealth
  4028 | D:4      | Found Ajed's Distillery.
  4031 | D:4      | Bought a potion of heal wounds for 55 gold pieces
  4031 | D:4      | Bought a potion of curing for 33 gold pieces
  4031 | D:4      | Bought a potion of invisibility for 88 gold pieces
  4031 | D:4      | Bought a potion of lignification for 33 gold pieces
  4156 | D:4      | Reached skill level 5 in Unarmed Combat
  4361 | D:4      | Gained mutation: You are covered in thick fur. (AC +2)
                  | [Felid growth]
  4361 | D:4      | Reached XP level 6. HP: 6/28 MP: 7/7
  4889 | D:4      | Found a white marble altar of Elyvilon.
  4906 | D:4      | Reached skill level 5 in Dodging
  5003 | D:5      | Entered Level 5 of the Dungeon
  5003 | D:5      | Found Ynkutua's Antique Weapon Shoppe.
  5005 | D:5      | Reached XP level 7. HP: 31/31 MP: 8/8
  5014 | D:5      | Reached *** piety under Trog
  5015 | D:5      | Reached skill level 6 in Dodging
  5106 | D:5      | Reached skill level 7 in Dodging
  5224 | D:5      | Reached skill level 8 in Dodging
  5747 | D:5      | Found an opulent altar of Gozag.
  6119 | D:5      | Found a radiant altar of Vehumet.
  6251 | D:6      | Reached skill level 9 in Dodging
  6260 | D:6      | Reached XP level 8. HP: 32/34 MP: 9/9
  6421 | D:6      | Reached skill level 10 in Dodging
  6870 | D:6      | Reached skill level 5 in Fighting
  7218 | D:7      | Noticed a hornet
  7236 | D:7      | Slain by a gnoll sergeant
  7237 | D:7      | Reached XP level 7. HP: -5/51 MP: 8/8
  7237 | D:7      | Reached XP level 8. HP: 38/38 MP: 9/9
  7263 | D:7      | Found a transporter.
  7372 | D:7      | Slain by a gnoll sergeant
  7373 | D:7      | Reached XP level 7. HP: 0/34 MP: 8/8
  7390 | D:7      | Mangled by a yak

Illustrated notes

Levels and vault maps discovered:
D:1:      tarquinn_simple_flora_water_b, layout_basic,
          hellmonk_ecumenical_altar_dog_temple
D:2:      layout_loops_ring, basic_altar, minmay_rat_gold_closets, uniq_terence
D:3:      layout_basic
D:4:      layout_rooms, kennysheep_mini_moat, serial_shops,
          nicolae_shop_window_shopping, kennysheep_generic_room_14
D:5:      layout_cave_pools, lemuel_crystal_altar, lemuel_round_altar,
          serial_shops, shop
D:6:      layout_rooms, minmay_misc_feat_rugged
D:7:      layout_loops_ring, bloody_makhleb,
          minmay_temple_entry_enclosed_plants, gammafunk_ghost_arena,
          enter_bailey_4

Skill      XL: |  1  2  3  4  5  6  7  8 |
---------------+-------------------------+-----
Stealth        | 1 2 3 4 6 7 |  7.3
Unarmed Combat | 4 5 6 |  6.7
Dodging        | 5 9 10 | 10.0
Fighting       | 6 |  6.0

Action                   |  1- 3 |  4- 6 |  7- 9 || total
-------------------------+-------+-------+-------++-------
Melee: Unarmed           |    63 |   153 |   158 ||   374
       Bite              |     7 |    12 |    21 ||    40
       Punch             |     1 |     6 |     1 ||     8
Invok: Berserk           |     4 |     3 |     6 ||    13
  Use: Potion            |       |     1 |       ||     1
 Stab: Sleeping          |     4 |    25 |     5 ||    34
       Distracted        |       |       |     1 ||     1
Armor: Skin              |     8 |     5 |     4 ||    17
Dodge: Dodged            |    61 |    76 |   163 ||   300
